[Event "ICC tourney 2436 (75 10)"]
[Site "Internet Chess Club"]
[Date "2021.03.07"]
[Round "6"]
[White "Perera, Kevin:kevinp"]
[Black "CONNEEN, CHARLIE CHARLES:ukdl"]
[Result "0-1"]
[ICCResult "White resigns"]
[WhiteElo "1054"]
[BlackElo "1205"]
[Opening "QGD: Orthodox defense"]
[ECO "D60"]
[NIC "QO.12"]
[Time "20:01:46"]
[PlyCount "72"]
[TimeControl "4500+10"]

1. Nf3 d5 2. d4 Nf6 3. c4 e6 4. Nc3 Be7 5. Bg5 Nbd7 6. e3 O-O 7. Be2 h6 8.
Bh4 b6 9. O-O Bb7 10. cxd5 Nxd5 11. Rc1 Bxh4 12. Nxd5 Bxd5 13. Qc2 Rc8 14.
e4 Bb7 15. Bb5 c6 16. Bd3 c5 17. Bb5 cxd4 18. Qd3 Nc5 19. Qxd4 Qxd4 20.
Nxd4 a6 21. Bc4 b5 22. Bb3 Nxb3 23. Nxb3 Rxc1 24. Rxc1 Rc8 25. Nc5 Bxe4 26.
g3 Bg5 27. f4 Be7 28. b4 a5 29. a3 Bxc5+ 30. Rxc5 Rxc5 31. bxc5 Kf8 32. Kf2
Ke7 33. Ke3 Bd5 34. Kd3 Kd7 35. Kc3 Kc6 36. Kd4 b4 { White resigns } 0-1

[Event "ICC tourney 2436 (75 10)"]
[Site "Internet Chess Club"]
[Date "2021.03.07"]
[Round "6"]
[White "HSIAO, OLIVER:OliverHsiao"]
[Black "HELLER, JACK G:Maximusiv"]
[Result "1-0"]
[ICCResult "Black resigns"]
[WhiteElo "1249"]
[BlackElo "932"]
[Opening "Scandinavian defense"]
[ECO "B01"]
[NIC "SD.03"]
[Time "20:01:47"]
[PlyCount "53"]
[TimeControl "4500+10"]

1. e4 d5 2. exd5 Nf6 3. d4 Bg4 4. Be2 Bxe2 5. Nxe2 Nxd5 6. O-O Nc6 7. Be3
Qd6 8. Nbc3 O-O-O 9. Ne4 Qd7 10. Nc5 Qd6 11. a3 Qg6 12. b4 e6 13. c4 Nxe3
14. fxe3 Bd6 15. Qa4 Qh5 16. Nf4 Qh6 17. b5 Nb8 18. Qxa7 Bxc5 19. Qxc5 g5
20. Ne2 g4 21. Nf4 Qg7 22. a4 h5 23. a5 h4 24. a6 e5 25. a7 exf4 26. a8=Q
h3 27. Qxb7+ { Black resigns } 1-0

[Event "ICC tourney 2436 (75 10)"]
[Site "Internet Chess Club"]
[Date "2021.03.07"]
[Round "6"]
[White "COVEY, THEODORE DEAN:VirginiaGuy"]
[Black "GUAN , TSZ YEUNG:DanielGuan"]
[Result "1/2-1/2"]
[ICCResult "Game drawn by mutual agreement"]
[WhiteElo "1218"]
[BlackElo "1280"]
[Opening "King's Indian: London system"]
[ECO "A48"]
[NIC "QP.03"]
[Time "20:01:52"]
[PlyCount "34"]
[TimeControl "4500+10"]

1. d4 Nf6 2. Nf3 g6 3. Bf4 Bg7 4. Nbd2 O-O 5. h3 d6 6. e4 Nbd7 7. c3 Re8 8.
Bd3 e5 9. Be3 a6 10. O-O exd4 11. cxd4 Nf8 12. Qc2 h6 13. Rac1 c6 14. Rfe1
d5 15. e5 N6d7 16. Bf4 Ne6 17. Bg3 Ndf8 { Game drawn by mutual agreement }
1/2-1/2

[Event "ICC tourney 2436 (75 10)"]
[Site "Internet Chess Club"]
[Date "2021.03.07"]
[Round "6"]
[White "Ravichandran, Vishwa Balaji:VishwaBalaji"]
[Black "HUA, OLIVER:oxdidi"]
[Result "1-0"]
[ICCResult "Black resigns"]
[WhiteElo "942"]
[BlackElo "993"]
[Opening "Giuoco Piano"]
[ECO "C50"]
[NIC "IG.02"]
[Time "20:02:00"]
[PlyCount "113"]
[TimeControl "4500+10"]

1. e4 e5 2. Nf3 Nc6 3. Bc4 Bc5 4. O-O Nf6 5. Nc3 O-O 6. d3 h6 7. h3 d6 8.
Na4 Bb6 9. Nxb6 axb6 10. Be3 Bd7 11. Bb5 Qe7 12. Bxc6 Bxc6 13. Re1 Rfe8 14.
Bd2 Rad8 15. Bb4 Bd7 16. a3 Be6 17. Qe2 Qd7 18. Qd2 Bxh3 19. gxh3 Qxh3 20.
Nh2 Ng4 21. Nxg4 Qxg4+ 22. Kh2 Re6 23. Qe3 Qh4+ 24. Kg2 Rg6+ 25. Kf1 Qg4
26. Qg3 Qxg3 27. fxg3 Rxg3 28. Kf2 Rg6 29. Rg1 Rf6+ 30. Ke3 c5 31. Be1 Rf4
32. Bg3 Rf6 33. Bh4 g5 34. Bf2 d5 35. Bg3 d4+ 36. Ke2 Re8 37. Raf1 Rg6 38.
Rf2 Kg7 39. Rgf1 f6 40. Rf5 b5 41. c3 b6 42. Bf2 Rd8 43. cxd4 cxd4 44. Rc1
Rd6 45. Rc7+ Kf8 46. Kf3 h5 47. Be1 Ke8 48. Bb4 Re6 49. b3 Kd8 50. Rh7 h4
51. Kg4 Rg8 52. Rh6 h3 53. Kxh3 g4+ 54. Kg3 Ke8 55. Rhxf6 Rxf6 56. Rxf6 Rg5
57. Rxb6 { Black resigns } 1-0

[Event "ICC tourney 2436 (75 10)"]
[Site "Internet Chess Club"]
[Date "2021.03.07"]
[Round "6"]
[White "SHAKIROV, DIYOR:Diyor"]
[Black "CAO, DANIEL:danielcao"]
[Result "0-1"]
[ICCResult "White checkmated"]
[WhiteElo "1175"]
[BlackElo "1121"]
[Opening "Sicilian defense"]
[ECO "B30"]
[NIC "SI.31"]
[Time "20:01:44"]
[PlyCount "170"]
[TimeControl "4500+10"]

1. e4 c5 2. Nf3 Nc6 3. c3 e5 4. d4 cxd4 5. cxd4 exd4 6. Nxd4 Nf6 7. Nxc6
bxc6 8. Nc3 Bb4 9. Bd3 O-O 10. O-O Bxc3 11. bxc3 d5 12. exd5 Nxd5 13. Qc2
h6 14. Bh7+ Kh8 15. Be4 f5 16. Bxd5 Qxd5 17. Rd1 Re8 18. Bxh6 Qe5 19. Bd2
Bb7 20. Re1 Qd5 21. Rxe8+ Rxe8 22. c4 Qe5 23. Qc3 Qd6 24. Bh6 Qxh6 25. Qa5
Qe6 26. h3 Qxc4 27. Qxf5 Qd5 28. Qg4 c5 29. Rd1 Qe5 30. Qh4+ Kg8 31. Qc4+
Qe6 32. Qxe6+ Rxe6 33. Rd7 Rb6 34. Rc7 g6 35. Rxc5 Ra6 36. Rb5 Be4 37. f3
Bf5 38. Rb8+ Kg7 39. Rb7+ Kf6 40. g4 Be6 41. f4 Rxa2 42. g5+ Kf5 43. Rb4
Ra1+ 44. Kf2 Bd5 45. Ke3 Ra3+ 46. Kd4 Be4 47. Rb8 Rd3+ 48. Kc4 Kxf4 49. h4
Kg4 50. Rh8 Rh3 51. Rh7 a6 52. Ra7 Kxh4 53. Rh7+ Kg4 54. Ra7 Kxg5 55. Kd4
Bd3 56. Rc7 Kg4 57. Rc5 Bb5 58. Ke4 g5 59. Rc7 Kg3 60. Rc3+ Kh4 61. Rc8 g4
62. Kf4 Rf3+ 63. Ke5 Rf5+ 64. Ke4 Rh5 65. Rc3 g3 66. Kf4 Rg5 67. Rc8 g2 68.
Rh8+ Rh5 69. Rg8 Kh3 70. Kf3 Kh2 71. Rxg2+ Kh3 72. Ra2 Rf5+ 73. Ke3 Bc4 74.
Ra3 Kg2 75. Ra2+ Bxa2 76. Kd2 Bg8 77. Kc3 Rb5 78. Kc2 a5 79. Kd1 a4 80. Kc2
a3 81. Kc3 a2 82. Kc2 a1=Q 83. Kd2 Qa3 84. Ke1 Rb2 85. Kd1 Qa1# { White
checkmated } 0-1

[Event "ICC tourney 2436 (75 10)"]
[Site "Internet Chess Club"]
[Date "2021.03.07"]
[Round "6"]
[White "SHANGIN, LEV:lshangin"]
[Black "MADSEN, STUART:gmstuartscott"]
[Result "1-0"]
[ICCResult "Black checkmated"]
[WhiteElo "1170"]
[BlackElo "981"]
[Opening "QGD: Marshall defense"]
[ECO "D06"]
[NIC "QP.08"]
[Time "20:02:09"]
[PlyCount "91"]
[TimeControl "4500+10"]

1. d4 d5 2. c4 Nf6 3. Nc3 c6 4. Bf4 e6 5. Nf3 Be7 6. e3 Nbd7 7. Bd3 O-O 8.
O-O c5 9. Qc2 cxd4 10. exd4 Nb6 11. c5 Nc4 12. b3 Na5 13. Nb5 Nc6 14. Nc7
Rb8 15. Qe2 b6 16. cxb6 Rxb6 17. Nb5 Ba6 18. Bc7 Qc8 19. Bxb6 axb6 20. Nc3
Bxd3 21. Qxd3 Nb4 22. Qd2 Nc6 23. Nb5 Bb4 24. Qd3 Qb7 25. Nc3 Bxc3 26. Qxc3
Ne4 27. Qe3 Qe7 28. Nd2 Nf6 29. Rac1 Qd6 30. h3 b5 31. Qc3 Rc8 32. Qc5 Qb8
33. Nf3 Ne4 34. Qa3 Qb7 35. Qb2 b4 36. Nd2 Nc3 37. Nf3 Qb5 38. Rfe1 Ne4 39.
Re3 Nc3 40. Kh1 Ne4 41. Ne5 Qb7 42. Qc2 Nc3 43. Rxc3 bxc3 44. Qxc3 Nxe5 45.
Qxc8+ Qxc8 46. Rxc8# { Black checkmated } 1-0

[Event "ICC tourney 2436 (75 10)"]
[Site "Internet Chess Club"]
[Date "2021.03.07"]
[Round "6"]
[White "ANGEL, BORYS:BArkadia"]
[Black "Koo, Jeremy Francis:koojeremy"]
[Result "1-0"]
[ICCResult "Black checkmated"]
[WhiteElo "1236"]
[BlackElo "1064"]
[Opening "Giuoco Pianissimo: Italian four knights variation"]
[ECO "C46"]
[NIC "KP.06"]
[Time "20:01:48"]
[PlyCount "47"]
[TimeControl "4500+10"]

1. e4 e5 2. Nf3 Nc6 3. Nc3 Bc5 4. Bc4 Nf6 5. d3 d6 6. h3 h6 7. O-O O-O 8.
Ne2 d5 9. exd5 Nxd5 10. Ng3 Nf6 11. Nh4 Re8 12. Ngf5 Bxf5 13. Nxf5 Nd4 14.
Nxd4 Qxd4 15. Be3 Qd6 16. Qf3 e4 17. dxe4 Rxe4 18. Bd3 Rb4 19. b3 Rd8 20.
Bxc5 Qxc5 21. Rad1 Rd6 22. Bf5 Nd5 23. Rfe1 Nc3 24. Re8# { Black checkmated
} 1-0

[Event "ICC tourney 2436 (75 10)"]
[Site "Internet Chess Club"]
[Date "2021.03.07"]
[Round "6"]
[White "DELABRE, TONY:tdelabre62"]
[Black "JIANG, ALBERT:Player1139"]
[Result "1-0"]
[ICCResult "Black checkmated"]
[WhiteElo "1198"]
[BlackElo "320"]
[Opening "Sicilian: dragon variation"]
[ECO "B70"]
[NIC "SI.15"]
[Time "20:01:51"]
[PlyCount "121"]
[TimeControl "4500+10"]

1. e4 c5 2. Nf3 d6 3. d4 cxd4 4. Nxd4 Nf6 5. Nc3 g6 6. Bb5+ Bd7 7. Bxd7+
Qxd7 8. O-O Bg7 9. Nde2 O-O 10. Ng3 Nc6 11. Nce2 Ne5 12. f4 Nc6 13. c3 Rad8
14. Be3 Ng4 15. Bf2 Nxf2 16. Rxf2 d5 17. Rf1 dxe4 18. Nxe4 Qf5 19. Qc2 a6
20. N2g3 Qb5 21. Rad1 Qb6+ 22. Kh1 Na5 23. b3 Nc6 24. h4 Qa7 25. h5 Nb8 26.
hxg6 fxg6 27. Ng5 Rd6 28. Nh5 Nd7 29. Nxg7 Kxg7 30. Rxd6 exd6 31. Ne6+ Kg8
32. Nxf8 Nxf8 33. f5 Qe3 34. fxg6 Qh6+ 35. Kg1 Qe3+ 36. Qf2 Qxf2+ 37. Rxf2
Nxg6 38. Rf6 d5 39. Rb6 Nf4 40. Kf2 h5 41. Rxb7 Nd3+ 42. Ke3 Ne5 43. Ra7
Nf7 44. Rxa6 Kf8 45. a4 Nd8 46. Rd6 Nf7 47. Rxd5 h4 48. a5 Ke7 49. a6 Nd6
50. Rxd6 Kxd6 51. a7 Ke5 52. a8=Q Kf6 53. Qf3+ Kg6 54. Qg4+ Kf7 55. Ke4 Ke7
56. Kd5 Kf6 57. Qf4+ Ke7 58. Qh6 Kd7 59. Qg7+ Kc8 60. Kc6 Kd8 61. Qd7# {
Black checkmated } 1-0